 Dungeon Crawl Stone Soup version 0.29.1-15-g9cfb28693d (webtiles) character file.

Game seed: 16752164594577549236

4136 Jase the Covert (level 10, -5/44 HPs)
             Began as a Spriggan Enchanter on Apr 24, 2023.
             Was an Elder of Uskayaw.
             Killed by divine providence
             ... invoked by an orc priest
              (13 damage)
             ... on level 9 of the Dungeon.
             The game lasted 00:46:31 (12420 turns).

Jase the Covert (Spriggan Enchanter)               Turns: 12420, Time: 00:46:33

Health: -5/44      AC:  3    Str:  4    XL:     10   Next: 6%
Magic:  18/24      EV: 21    Int: 20    God:    Uskayaw [****..]
Gold:   44         SH:  0    Dex: 17    Spells: 3/14 levels left

rFire   . . .      SeeInvis +   c - +3 rapier (speed)
rCold   . . .      Faith    +   (no shield)
rNeg    . . .      Spirit   .   h - +0 robe
rPois   .          Reflect  .   (helmet restricted)
rElec   .          Harm     .   E - +0 cloak
rCorr   .          Rampage  .   (gloves unavailable)
Will    +....                   (boots unavailable)
Stlth   +++++.....              j - amulet of faith
HPRegen 0.14/turn               g - ring of magical power
MPRegen 0.19/turn               r - +4 ring of evasion

@: very quick
A: very small, no large weapons, unfitting armour, see invisible, speed 3
a: Renounce Religion, Stomp, Line Pass


You were on level 9 of the Dungeon.
You worshipped Uskayaw.
Uskayaw was noncommittal.
You visited 1 branch of the dungeon, and saw 9 of its levels.

You collected 494 gold pieces.
You spent 450 gold pieces at shops.

Inventory:

Hand Weapons
 a - a +0 dagger of protection
 c - a +3 rapier of speed (weapon)
 N - a +4 dagger
Missiles
 d - 69 stones
 k - 31 poisoned darts
 n - 22 boomerangs
 A - 3 atropa-tipped darts
Armour
 h - a +0 robe (worn)
 E - a +0 cloak (worn)
Jewellery
 g - a ring of magical power (left hand)
 j - an amulet of faith (around neck)
 r - a +4 ring of evasion (right hand)
 G - a ring of fire
 H - a ring of positive energy
 I - a ring of wizardry
Wands
 x - a wand of acid (8)
 D - a wand of paralysis (12)
 F - a wand of flame (36)
Scrolls
 f - 3 scrolls of fear
 i - 3 scrolls of vulnerability
 q - a scroll of enchant armour {unknown}
 s - 7 scrolls of teleportation
 u - a scroll of amnesia {unknown}
 w - a scroll of enchant weapon
 y - 2 scrolls of fog {unknown}
 B - 4 scrolls of poison
 C - 2 scrolls of noise {unknown}
 M - a scroll of silence {unknown}
Potions
 e - 5 potions of curing
 l - 2 potions of magic
 m - 5 potions of lignification
 o - 2 potions of cancellation
 p - 3 potions of haste
 t - 3 potions of might
 v - a potion of ambrosia
 z - 3 potions of mutation
 J - 2 potions of heal wounds
 K - 4 potions of invisibility
 L - a potion of flight


   Skills:
 * Level 10.2 Short Blades
 - Level 2.6 Dodging
 + Level 10.9 Stealth
 - Level 2.6 Spellcasting
 - Level 3.0 Conjurations
 + Level 8.5 Hexes
 + Level 2.1 Ice Magic
 + Level 4.0 Invocations


You had 3 spell levels left.
You knew the following spells:

 Your Spells              Type           Power      Damage    Failure   Level
a - Ensorcelled Hibernat  Hex/Ice        48%        N/A       2%          2
b - Confusing Touch       Hex            37%        N/A       1%          3
c - Tukima's Dance        Hex            37%        N/A       1%          3
d - Dazzling Flash        Conj/Hex       50%        N/A       4%          3

Your spell library contained the following spells:

 Spells                   Type           Power      Damage    Failure   Level
 Slow                     Hex            100%       N/A       1%          1
 Freeze                   Ice            44%        1d6       6%          1
 Foxfire                  Conj/Fire      32%        2x1d5     8%          1
 Shock                    Conj/Air       32%        1d5       8%          1
 Inner Flame              Hex/Fire       19%        N/A       8%          3
 Necrotise                Necr           8%         1d4       14%         1
 Frozen Ramparts          Ice            22%        1d4       19%         3
 Conjure Flame            Conj/Fire      8%         6-21      24%         3
 Gell's Gravitas          Tloc           2%         N/A       41%         3
 Lesser Beckoning         Tloc           2%         N/A       41%         3
 Swiftness                Air            2%         N/A       41%         3
 Teleport Other           Tloc           2%         N/A       41%         3
 Vampiric Draining        Necr           2%         2d6       41%         3
 Cause Fear               Hex            18%        N/A       4%          4
 Hailstorm                Conj/Ice       12%        3d5       45%         4
 Flame Wave               Conj/Fire      8%         2d5       61%         4
 Iskenderun's Mystic Bla  Conj/Tloc      8%         2d4       61%         4
 Ice Form                 Ice/Tmut       6%         N/A       67%         4
 Summon Ice Beast         Ice/Summ       6%         N/A       67%         4
 Airstrike                Air            1%         2d(1-17)  82%         4
 Fireball                 Conj/Fire      4%         3d4       91%         5
 Agony                    Necr           2%         N/A       99%         5
 Starburst                Conj/Fire      4%         6d3       100%        6
 Discord                  Hex            18%        N/A       100%        8
 Ignition                 Fire           1%         3d3       100%        8


Dungeon Overview and Level Annotations

Branches:
Dungeon (9/15)             Temple (0/1) D:6
   Lair: D:8-11         Orc: D:9-12

Altars:
Cheibriados
Dithmenos
Gozag
Nemelex Xobeh
Trog
Uskayaw
Vehumet
Xom
The Shining One

Shops:
D:1 ?:[?(   D:4 *


Innate Abilities, Weirdness & Mutations

You are very small and have problems with some larger weapons.
You are too small for most types of armour.
You have supernaturally acute eyesight. (SInv)
You cover ground extremely quickly. (Speed+++)


Message History

a +0 plate armour; a +0 plate armour; an orc corpse You start resting.
A hobgoblin is nearby!
You barely miss the hobgoblin.
The hobgoblin shouts!
The hobgoblin is heavily wounded.
The hobgoblin barely misses you.
You hit the hobgoblin.
You kill the hobgoblin!
The orc priest hits you with a +0 short sword.
Items here: $ [[ ††.
You hit the orc priest.
The orc priest is moderately wounded.
Okay, then.
You barely miss the orc priest.
The orc priest is moderately wounded.
The orc priest calls down the wrath of Beogh upon you.
Pain shoots through your body!
* * * LOW HITPOINT WARNING * * *
Unknown command.
Casting: Ensorcelled Hibernation (safe; 2% risk of failure)
Confirm with . or Enter, or press ? or * to list all spells.
Aiming: Ensorcelled Hibernation (safe; 2% risk of failure)
Press: ? - help, Shift-Dir - straight line, f - orc priest
Aim: an orc priest, wielding a +0 short sword (moderately wounded, chance to affect: 55%)
Okay, then.
You hit the orc priest.
The orc priest is heavily wounded.
The orc priest barely misses you.
You barely miss the orc priest.
The orc priest is heavily wounded.
Casting: Ensorcelled Hibernation (safe; 2% risk of failure)
Confirm with . or Enter, or press ? or * to list all spells.
Aiming: Ensorcelled Hibernation (safe; 2% risk of failure)
Press: ? - help, Shift-Dir - straight line, f - orc priest
Aim: an orc priest, wielding a +0 short sword (heavily wounded, chance to affect: 55%)
The orc priest resists with significant effort.
The orc priest mumbles some strange prayers to Beogh against you.
Beogh smites you!
You die...

#.# #.# #######.#### #
#........... #. ###
########.#### #.#
#.###.........#
##.)##....##.#.#..##
#...)..).###.#.#..#
#...####@#$####.#.#..#
. ##o)..##.#.####
#)#.###.#.. ..####
..#.. ...# ####. #.##
.# .o


o You could see an orc priest.

Vanquished Creatures
  A hornet (D:7)
  A wyvern (D:8)
  Eustachio (D:5)
  Menkaure (D:5)
  A warg (D:9)
  2 water moccasins (D:7)
  2 black bears
  4 orc warriors
  2 centaurs
  5 ogres
  2 phantoms
  2 kobold brigands
  2 bullfrogs
  2 necrophages (D:4)
  4 scorpions
  A howler monkey (D:6)
  An electric eel (D:7)
  8 hounds
  5 jellies
  An orc priest (D:6)
  Ijyb (D:5)
  5 iguanas
  8 orc wizards
  4 gnolls
  13 adders
  3 white imps
  3 ufetubi
  A worm (D:3)
  A dart slug (D:3)
  41 orcs
  5 bats
  5 endoplasms (D:1)
  2 giant cockroaches
  8 goblins
  7 hobgoblins
  2 jackals (D:5)
  8 quokkas
  7 ball pythons
  5 frilled lizards
  15 kobolds
  7 rats
  A butterfly (D:5)
200 creatures vanquished.

Vanquished Creatures (collateral kills)
  An orc warrior (D:9)
1 creature vanquished.

Vanquished Creatures (others)
  3 dancing weapons
3 creatures vanquished.

Grand Total: 204 creatures vanquished

Notes
Turn   | Place    | Note
-------+----------+-------------------------------------------
     0 | D:1      | Jase the Spriggan Enchanter began the quest for the Orb.
     0 | D:1      | Reached XP level 1. HP: 9/9 MP: 5/5
    36 | D:1      | Found Jiodiry's Magic Scroll Emporium.
   261 | D:1      | Reached XP level 2. HP: 8/13 MP: 6/6
   264 | D:1      | Learned a level 2 spell: Ensorcelled Hibernation
   574 | D:1      | Bought a scroll of identify for 24 gold pieces
   897 | D:1      | Found Susezed's Magic Scroll Shoppe.
   898 | D:1      | Found Zorudgh's Antique Armour Emporium.
   943 | D:1      | Bought a scroll of identify for 24 gold pieces
  1023 | D:1      | Found Ucurec's Weapon Emporium.
  1255 | D:1      | Found a faded altar of an unknown god.
  1352 | D:1      | Reached XP level 3. HP: 16/16 MP: 8/8
  1563 | D:1      | Found Waskahut's Book Boutique.
  2083 | D:1      | Bought a scroll of identify for 28 gold pieces
  2217 | D:1      | Bought a scroll of identify for 28 gold pieces
  2595 | D:2      | Learned a level 3 spell: Confusing Touch
  2729 | D:1      | Bought a scroll of teleportation for 36 gold pieces
  2984 | D:3      | Reached skill level 5 in Stealth
  2984 | D:3      | Reached XP level 4. HP: 21/21 MP: 9/9
  3141 | D:3      | Reached skill level 1 in Ice Magic
  3409 | D:3      | Learned a level 3 spell: Tukima's Dance
  3921 | D:1      | Bought a scroll of teleportation for 42 gold pieces
  4150 | D:4      | Found Icvum's General Store.
  4157 | D:4      | Noticed an ogre
  4197 | D:4      | Killed an ogre
  4198 | D:4      | Reached XP level 5. HP: 24/24 MP: 10/10
  4498 | D:4      | Found a glowing golden altar of the Shining One.
  4498 | D:4      | Found a radiant altar of Vehumet.
  4509 | D:4      | Noticed an ogre
  4522 | D:4      | Killed an ogre
  4523 | D:4      | Reached skill level 5 in Hexes
  4523 | D:4      | Reached XP level 6. HP: 28/28 MP: 11/11
  4558 | D:4      | Reached skill level 5 in Short Blades
  4774 | D:4      | Bought a scroll of immolation for 48 gold pieces
  4826 | D:4      | Found a bloodstained altar of Trog.
  4981 | D:5      | Entered Level 5 of the Dungeon
  4985 | D:5      | Reached XP level 7. HP: 32/32 MP: 12/12
  4985 | D:5      | Noticed Ijyb
  4994 | D:5      | Killed Ijyb
  5464 | D:5      | Noticed Menkaure
  5625 | D:5      | Killed Menkaure
  6223 | D:5      | Reached skill level 1 in Conjurations
  6223 | D:5      | Reached XP level 8. HP: 36/36 MP: 13/13
  6227 | D:5      | Learned a level 3 spell: Dazzling Flash
  6388 | D:5      | Found a shimmering altar of Xom.
  6590 | D:5      | Noticed Eustachio
  6599 | D:5      | Killed Eustachio
  6795 | D:1      | Bought a scroll of vulnerability for 48 gold pieces
  6949 | D:5      | Found a hide-covered altar of Uskayaw.
  7005 | D:5      | Became a worshipper of Uskayaw the Reveller
  7093 | D:5      | Reached * piety under Uskayaw
  7275 | D:5      | Reached ** piety under Uskayaw
  7482 | D:5      | Reached skill level 1 in Invocations
  7899 | D:4      | Bought a potion of heal wounds for 60 gold pieces
  8039 | D:6      | Found an opulent altar of Gozag.
  8131 | D:6      | Found a staircase to the Ecumenical Temple.
  8452 | D:6      | Reached *** piety under Uskayaw
  8753 | D:6      | Reached XP level 9. HP: 20/39 MP: 14/14
  9104 | D:1      | Bought a scroll of fear for 56 gold pieces
 10195 | D:7      | Reached **** piety under Uskayaw
 10424 | D:7      | Found a shadowy altar of Dithmenos.
 10545 | D:7      | Reached skill level 10 in Stealth
 10677 | D:7      | Found a snail-covered altar of Cheibriados.
 10678 | D:7      | Found a sparkling altar of Nemelex Xobeh.
 11072 | D:1      | Bought a scroll of poison for 56 gold pieces
 12037 | D:8      | Reached skill level 10 in Short Blades
 12375 | D:9      | Reached XP level 10. HP: 44/44 MP: 15/15
 12404 | D:9      | Reached ***** piety under Uskayaw
 12420 | D:9      | Killed from afar by an orc priest

Illustrated notes

Levels and vault maps discovered:
D:1:      scummos_arrival_hexagon, layout_basic,
          chequers_ecumenical_altar_twisty, serial_shops, shop, shop,
          nicolae_lakefront_shop, nicolae_square_shop, nicolae_shop_waterfront
D:2:      layout_basic
D:3:      minmay_recursive_quarters, layout_rooms, dreamdust_princess_bridge,
          minmay_tree_intersection
D:4:      layout_rooms, gammafunk_temple_overflow_elements, bloody_trog,
          serial_shops, nicolae_shop_stone
D:5:      layout_basic, xom_butterflies,
          mainiacjoe_overflow_concentric_impassable, minmay_joined_circles,
          uniq_eustachio, uniq_menkaure, uniq_ijyb
D:6:      layout_layer_cave, nicolae_gozag_cash_rules_everything_around_me,
          minmay_temple_entry_statues_fountains, minmay_chambers_of_fives
D:7:      layout_basic, grunt_dithmenos_smoke, nicolae_overflow_squiral,
          enter_bailey_4
D:8:      layout_cave_pools
D:9:      layout_basic, lair_entry_dummy, erik_orc_3

Skill      XL: |  1  2  3  4  5  6  7  8  9 10 |
---------------+-------------------------------+-----
Short Blades   | 2 4 5 7 8 10 | 10.2
Hexes          | 4 5 6 7 8 |  8.5
Stealth        | 5 6 7 8 9 10 | 10.9
Ice Magic      | 1 2 |  2.1
Conjurations   | 1 2 3 |  3.0
Invocations    | 2 3 4 |  4.0
Dodging        | |  2.6
Spellcasting   | |  2.6

Action                   |  1- 3 |  4- 6 |  7- 9 | 10-12 || total
-------------------------+-------+-------+-------+-------++-------
Melee: Dagger            |    82 |    73 |   168 |       ||   323
       Punch             |     1 |       |     2 |       ||     3
       Rapier            |       |       |   110 |    25 ||   135
 Cast: Ensorcelled Hiber |    37 |    36 |   103 |     2 ||   178
       Confusing Touch   |       |     2 |     7 |       ||     9
       Tukima's Dance    |       |       |     5 |     2 ||     7
       Dazzling Flash    |       |       |     3 |       ||     3
Invok: Line Pass         |       |       |     1 |       ||     1
  Use: Scroll            |     4 |     2 |     5 |       ||    11
 Stab: Sleeping          |    36 |    27 |    72 |     1 ||   136
       Distracted        |     1 |     1 |     3 |       ||     5
       Confused          |       |     3 |     5 |       ||     8
       Paralysed         |       |       |     6 |       ||     6
       Invisible         |       |       |     3 |       ||     3
Armor: Robe              |     4 |     6 |    19 |       ||    29
Dodge: Dodged            |    47 |    56 |   178 |    11 ||   292
